 Dungeon Crawl Stone Soup version 0.27.1-3-gb3d3a73c9e (webtiles) character file.

Game seed: 6626471042751695705

4746 styxcanada the Covert (level 10, -1/49 HPs)
             Began as a Spriggan Brigand on Oct 29, 2021.
             Was an Initiate of Gozag.
             Slain by a centaur warrior (9 damage)
             ... on level 8 of the Dungeon.
             The game lasted 00:57:03 (9912 turns).

styxcanada the Covert (Spriggan Brigand)            Turns: 9912, Time: 00:57:04

Health: -1/49      AC:  5    Str:  7    XL:     10   Next: 23%
Magic:  10/30      EV: 22    Int: 20    God:    Gozag
Gold:   1310       SH:  0    Dex: 19    Spells: 14/23 levels left

rFire    . . .     SeeInvis +   j - +3 dagger (holy)
rCold    . . .     Faith    .   (shield restricted)
rNeg     . . .     Spirit   .   b - +0 robe
rPois    .         Reflect  .   (helmet restricted)
rElec    .         Harm     .   C - +2 cloak {Will+}
rCorr    .         Rampage  .   (gloves unavailable)
Will     ++...                  (boots unavailable)
Stlth    +++++.....             (no amulet)
HPRegen  0.16/turn              A - +6 ring of intelligence
MPRegen  0.22/turn              r - ring of magical power

@: gold aura, very quick
A: very small, no large weapons, unfitting armour, see invisible, speed 3
a: Renounce Religion, Potion Petition, Call Merchant, Bribe Branch


You were on level 8 of the Dungeon.
You worshipped Gozag.
Gozag was most pleased with you.
You visited 2 branches of the dungeon, and saw 9 of its levels.
You also visited: Bailey.

You collected 1452 gold pieces.
You paid 142 gold pieces to Gozag.

Inventory:

Hand Weapons
 a - a +3 dagger
 c - the +7 mace of the Endless March {freeze, rElec rF+++ rC- rN+}
   (You found it on level 6 of the Dungeon)

   It freezes those it strikes, dealing additional cold damage.
   It can also slow down cold-blooded creatures.
   rF:        It renders you almost immune to fire.
   rC:        It makes you vulnerable to cold.
   rElec:     It insulates you from electricity.
   rN:        It protects you from negative energy.
 j - a +3 dagger of holy wrath (weapon)
 y - a +0 hunting sling
 B - a +4 quarterstaff of chaos
Missiles
 d - 16 poisoned darts
 e - 2 curare-tipped darts
 g - 270 stones
 m - 42 boomerangs (quivered)
 x - 29 sling bullets
Armour
 b - a +0 robe (worn)
 C - a +2 cloak of willpower (worn)
Jewellery
 h - a ring of fire
 q - a ring of positive energy
 r - a ring of magical power (right hand)
 A - a +6 ring of intelligence (left hand)
 F - a ring of positive energy
Wands
 u - a wand of iceblast (9)
Scrolls
 o - a scroll of holy word
 p - a scroll of fear
 v - 4 scrolls of teleportation
 G - a scroll of blinking {unknown}
Potions
 f - a potion of berserk rage
 i - 2 potions of heal wounds
 k - 2 potions of curing
 l - a potion of cancellation
 n - a potion of lignification
 s - 2 potions of flight
 t - 2 potions of mutation
 w - a potion of magic
 z - 2 potions of brilliance {unknown}
 D - a potion of might {unknown}


   Skills:
 + Level 3.4 Fighting
 + Level 4.2 Short Blades
 + Level 3.0 Throwing
 * Level 7.4 Dodging
 * Level 11.2 Stealth
 * Level 7.0 Spellcasting
 * Level 2.5 Hexes
 * Level 5.9 Transmutations
 * Level 3.7 Air Magic
 * Level 5.1 Poison Magic
 * Level 4.5 Evocations


You had 14 spell levels left.
You knew the following spells:

 Your Spells              Type           Power      Damage    Failure   Level
a - Sting                 Tmut/Pois      100%       1d8       1%          1
b - Poisonous Vapours     Pois/Air       48%        N/A       2%          2
c - Invisibility          Hex            8%         N/A       99%         6

Your spell library contained the following spells:

 Spells                   Type           Power      Damage    Failure   Level
 Passwall                 Tmut/Erth      15%        N/A       4%          2
 Ignite Poison            Fire/Tmut/Pois 21%        N/A       6%          3
 Swiftness                Air            21%        N/A       6%          3
 Olgreb's Toxic Radiance  Pois           27%        N/A       11%         4
 Conjure Flame            Conj/Fire      7%         6-21      28%         3
 Sticky Flame             Conj/Fire      7%         2d3       67%         4


Dungeon Overview and Level Annotations

Branches:
Dungeon (8/15)             Temple (1/1) D:7          Bailey (visited)
   Lair: D:8-11

Altars:
Cheibriados
Dithmenos
Elyvilon
Fedhas
Gozag
Makhleb
Nemelex Xobeh
Okawaru
Qazlal
Trog
Uskayaw
Vehumet
Wu Jian
Xom
The Shining One

Shops:
D:6 (


Innate Abilities, Weirdness & Mutations

You are very small and have problems with some larger weapons.
You are too small for most types of armour.
You have supernaturally acute eyesight. (SInv)
You cover ground extremely quickly. (Speed+++)


Message History

Aiming: Poisonous Vapours (safe; 2% risk of failure)
Press: ? - help, Dir - move target, f - centaur warrior, p - yak
Aim: a centaur warrior, wielding a +0 shortbow and quivering arrows (moderately wounded, poisoned) Poisonous vapours surround the centaur warrior!
The centaur warrior looks even sicker.
Casting: Poisonous Vapours (safe; 2% risk of failure)
Confirm with . or Enter, or press ? or * to list all spells.
Aiming: Poisonous Vapours (safe; 2% risk of failure)
Press: ? - help, Dir - move target, f/p - centaur warrior
Aim: a centaur warrior, wielding a +0 shortbow and quivering arrows (moderately wounded, very poisoned) Poisonous vapours surround the centaur warrior!
The centaur warrior looks as sick as possible!
You kill the yak!
The centaur warrior shoots an arrow.
The arrow hits you!!
Your Spellcasting skill increases to level 7!
The centaur warrior shoots an arrow.
The arrow completely misses you.
Found 11 gold pieces.
The centaur warrior shoots an arrow.
The arrow closely misses you.
The centaur warrior shoots an arrow.
The arrow completely misses you.
The centaur warrior unwields a +0 shortbow.
The centaur warrior barely misses you. The centaur warrior misses you.
You see here 17 gold pieces.
You hit the centaur warrior.
The centaur warrior is heavily wounded.
The centaur warrior misses you. The centaur warrior closely misses you.
You hit the centaur warrior but do no damage.
The centaur warrior is heavily wounded.
The centaur warrior hits you.
* * * LOW HITPOINT WARNING * * *
The centaur warrior kicks you.
* * * LOW HITPOINT WARNING * * *
You hit the centaur warrior.
The centaur warrior is heavily wounded.
The centaur warrior misses you.
The centaur warrior kicks you but does no damage.
You hit the centaur warrior but do no damage.
The centaur warrior is heavily wounded.
The centaur warrior hits you!
You die...
Your body crumbles into a pile of gold.

...# #..c..# ##.#
#####.###### ...#
#.......# .#.########
#..####.# ###.#.....#
#..## #.# # ##Y.....#
#....##.# ###.#Y....#
#.##..#.# .#.#......#
#.###.#.#
#..#....Y.###...@c..#
#..#.##.#.#.....#.###
........#.......#.#
...#.####...###.#.#
...#.##.......#.#.#
...#........#.....#
..#####.##..###.###
...####.##..Y ....
........##..<......


You could see a centaur warrior (very poisoned).

Vanquished Creatures
  3 orc knights (Bailey)
  The ghost of Icepheonix32 the Shield-Bearer, a novice DsFi (D:5)
  2 shadows (D:6)
  3 yaks (D:8)
  2 water moccasins
  An ice beast (D:5)
  2 orc warriors (Bailey)
  3 black bears
  A centaur (D:7)
  An ogre (D:5)
  2 phantoms
  Blork the orc (D:6)
  2 water moccasin zombies
  3 scorpions
  A wyvern skeleton (D:7)
  A howler monkey (D:5)
  3 centaur zombies
  Crazy Yiuf (D:6)
  A gnoll shaman (D:5)
  An orc priest (D:5)
  3 centaur skeletons
  Jessica (D:3)
  4 iguanas
  3 orc wizards
  A howler monkey zombie (D:7)
  8 adders
  8 gnolls
  3 shadow imps
  A white imp (D:6)
  An ufetubus (D:5)
  2 adder skeletons
  15 orcs
  9 ball pythons
  6 bats
  5 endoplasms
  A giant cockroach (D:4)
  14 goblins
  11 hobgoblins
  5 jackals
  24 kobolds
  3 quokkas
  5 frilled lizards
  6 rats
174 creatures vanquished.

Notes
Turn   | Place    | Note
-------+----------+-------------------------------------------
     0 | D:1      | styxcanada the Spriggan Brigand began the quest for the
                  | Orb.
     0 | D:1      | Reached XP level 1. HP: 10/10 MP: 2/2
    20 | D:1      | Reached skill level 6 in Stealth
   361 | D:1      | Reached XP level 2. HP: 15/15 MP: 3/3
   869 | D:1      | Found a faded altar of an unknown god.
  1140 | D:1      | Reached skill level 7 in Stealth
  1268 | D:2      | Reached XP level 3. HP: 18/18 MP: 4/4
  1951 | D:2      | Reached XP level 4. HP: 18/23 MP: 5/5
  2335 | D:3      | Reached skill level 8 in Stealth
  2706 | D:3      | Reached XP level 5. HP: 26/26 MP: 6/6
  2996 | D:3      | Noticed Jessica
  2999 | D:3      | Killed Jessica
  3264 | D:4      | Learned a level 1 spell: Sting
  3309 | D:4      | Noticed a black bear
  3339 | D:4      | Killed a black bear
  3340 | D:4      | Reached XP level 6. HP: 32/32 MP: 7/7
  3670 | D:4      | Reached skill level 1 in Spellcasting
  3670 | D:4      | Reached skill level 1 in Transmutations
  3969 | D:5      | Entered Level 5 of the Dungeon
  4135 | D:5      | Reached skill level 1 in Poison Magic
  4281 | D:5      | Reached XP level 7. HP: 9/35 MP: 8/10
  4535 | D:5      | Reached skill level 9 in Stealth
  4589 | D:5      | Found a runed translucent gate.
  4594 | D:5      | Found a runed translucent gate.
  4612 | D:5      | Learned a level 2 spell: Poisonous Vapours
  4617 | D:5      | Found a runed translucent gate.
  4625 | D:5      | Noticed Icepheonix32's ghost (novice DsFi)
  5179 | D:5      | Reached skill level 5 in Dodging
  5258 | D:5      | Reached skill level 1 in Air Magic
  5692 | D:5      | Killed Icepheonix32's ghost
  5693 | D:5      | Reached XP level 8. HP: 31/40 MP: 14/14
  5950 | D:6      | Reached skill level 1 in Evocations
  6517 | D:6      | Noticed Blork the orc
  6521 | D:6      | Reached skill level 10 in Stealth
  6538 | D:6      | Killed Blork the orc
  6603 | D:6      | Reached XP level 9. HP: 44/44 MP: 17/17
  6937 | D:6      | Learned a level 6 spell: Invisibility
  6961 | D:6      | Found a runed translucent door.
  6962 | D:6      | Noticed Crazy Yiuf
  6990 | D:6      | Killed Crazy Yiuf
  7144 | D:6      | Reached skill level 5 in Spellcasting
  7183 | D:6      | Identified the +7 mace of the Endless March {freeze, rElec
                  | rF+++ rC- rN+}
  7244 | D:6      | Found a hide-covered altar of Uskayaw.
  7292 | D:6      | Found Filat's Weapon Shop.
  7396 | D:7      | Reached skill level 1 in Hexes
  7426 | D:7      | Found a flagged portal.
  7473 | D:7      | Found a staircase to the Ecumenical Temple.
  7482 | Temple   | Entered the Ecumenical Temple
  7669 | Temple   | Became a worshipper of Gozag Ym Sagoz the Greedy
  7738 | Bailey   | Entered a bailey
  7775 | Bailey   | Noticed an orc knight
  7921 | Bailey   | Noticed an orc knight
  7967 | Bailey   | Noticed an orc knight
  8434 | Bailey   | Killed an orc knight
  8615 | Bailey   | Reached skill level 5 in Transmutations
  8652 | Bailey   | Killed an orc knight
  8653 | Bailey   | Reached skill level 11 in Stealth
  8846 | Bailey   | Found the +0 pair of fencer's gloves {Riposte Dex+3}
  9081 | Bailey   | Killed an orc knight
  9082 | Bailey   | Reached skill level 5 in Poison Magic
  9082 | Bailey   | Reached XP level 10. HP: 49/49 MP: 20/20
  9827 | D:8      | Noticed a centaur warrior
  9912 | D:8      | Slain by a centaur warrior

Illustrated notes

Levels and vault maps discovered:
D:1:      eino_arrival_tree_alley, layout_basic,
          shapermc_ecumenical_altar_mp_vishouse
D:2:      layout_loops_cross
D:3:      layout_basic, uniq_jessica
D:4:      layout_rooms, minmay_goblin_kobold_house
D:5:      cheibrodos_helix_gallery, layout_loops_cross, gammafunk_ghost_split
D:6:      layout_loops_ring, mainiacjoe_overflow_chevrons, serial_shops,
          kennysheep_little_box, uniq_blork_the_orc, uniq_crazy_yiuf_cottage
D:7:      layout_gridville, minmay_temple_entry_mist, enter_bailey_3,
          fountainhead, chequers_jeans, minivault_24, minivault_1,
          serial_park_tiny_2
D:8:      layout_loops_cross, tgw_sif
Temple:   eino_temple_rhombus

Skill      XL: |  1  2  3  4  5  6  7  8  9 10 |
---------------+-------------------------------+-----
Stealth        | 6 7 8 9 10 11 | 11.2
Dodging        | 2 3 4 5 6 7 |  7.4
Fighting       | 2 3 |  3.4
Short Blades   | 3 4 |  4.2
Spellcasting   | 1 3 4 6 7 |  7.0
Transmutations | 1 3 4 5 |  5.9
Poison Magic   | 1 2 3 5 |  5.1
Air Magic      | 1 2 3 |  3.7
Evocations     | 1 4 |  4.5
Hexes          | 2 |  2.5
Throwing       | 3 |  3.0

Action                   |  1- 3 |  4- 6 |  7- 9 | 10-12 || total
-------------------------+-------+-------+-------+-------++-------
Melee: Dagger            |   155 |   141 |   121 |    38 ||   455
       Mace              |       |       |     5 |       ||     5
Throw: Dart              |     4 |    38 |    16 |       ||    58
       Boomerang         |       |       |     5 |       ||     5
 Cast: Sting             |       |    15 |    63 |    17 ||    95
       Poisonous Vapours |       |       |   111 |    12 ||   123
  Use: Scroll            |     5 |     7 |     6 |     2 ||    20
       Potion            |       |       |     2 |     1 ||     3
 Stab: Sleeping          |     9 |     7 |    14 |     1 ||    31
       Distracted        |       |     1 |       |       ||     1
Armor: Robe              |    13 |    13 |    12 |     2 ||    40
Dodge: Dodged            |   124 |    94 |   111 |    35 ||   364
